 Dungeon Crawl Stone Soup version 0.31.0-32-g396128a36d (webtiles) character file.

Game seed: 18206922143826697610

78 James the Shooter (level 4, 0/36 HPs)
             Began as a Draconian Hunter on Mar 16, 2024.
             Slain by Terence
             ... wielding a +0 flail
              (7 damage)
             ... on level 2 of the Dungeon.
             The game lasted 00:02:53 (1048 turns).

James the Shooter (Draconian Hunter)                Turns: 1048, Time: 00:02:54

Health: 0/36       AC:  5    Str: 19    XL:     4   Next: 15%
Magic:  4/4        EV: 12    Int: 10    God:
Gold:   70         SH:  0    Dex: 16    Spells: 3/3 levels left

rFire   . . .        b - +4 rapier
rCold   . . .        (no shield)
rNeg    . . .        (body armour unavailable)
rPois   .            (helmet restricted)
rElec   .            (no cloak)
rCorr   .            (no gloves)
SInv    .            (no boots)
Will    .....        (no amulet)
Stlth   ++           g - +6 ring of strength
HPRegen 0.26/turn    (no ring)
MPRegen 0.09/turn

%: no passive effects
@: no status effects
A: AC +5, unfitting armour, cold-blooded
a: no special abilities


You were on level 2 of the Dungeon.
You visited 1 branch of the dungeon, and saw 2 of its levels.

You collected 70 gold pieces.

Inventory:

Hand Weapons
 a - a +0 shortbow
 b - a +4 rapier (weapon)
   (You found it on level 1 of the Dungeon)
 d - a +0 dagger
   (You took it off a kobold on level 1 of the Dungeon)
Missiles
 i - 5 poisoned darts
Armour
 n - a scarf of harm
   (You found it on level 2 of the Dungeon)
Magical Staves
 e - a staff of conjuration {!a}
   (You found it on level 1 of the Dungeon)
Jewellery
 g - a +6 ring of strength (left hand)
   (You found it on level 1 of the Dungeon)
Scrolls
 c - a scroll of vulnerability {unknown}
 f - 2 scrolls of identify {unknown}
 h - a scroll of butterflies
 k - a scroll of amnesia {unknown}
 m - a scroll of brand weapon {unknown}
 o - 3 scrolls of enchant armour {unknown}
 p - a scroll of fear {unknown}
 q - a scroll of revelation {unknown}
Potions
 j - a potion of curing {unknown}
 l - a potion of might {unknown}


   Skills:
 - Level 2.1 Fighting
 + Level 5.2 Ranged Weapons
 - Level 1.7 Dodging
 - Level 0.8 Stealth


You had 3 spell levels left.
You didn't know any spells.
Your spell library was empty.

Dungeon Overview and Level Annotations

Branches:
Dungeon (2/15)

Altars:

Shops:
D:2 =

Annotations:
D:2 Terence


Innate Abilities, Weirdness & Mutations

Your plain brown scales are hard. (AC +5)
You cannot fit into any form of body armour.
You are cold-blooded and may be slowed by cold attacks.


Message History

Natasha hisses angrily.
You shoot an arrow. The arrow hits Natasha!
Natasha claws you!
You shoot an arrow. The arrow closely misses Natasha.
Natasha misses you.
You shoot an arrow.
The arrow hits Natasha but does no damage.
Natasha claws you but does no damage.
You shoot an arrow. The arrow hits Natasha!
You kill Natasha!
Natasha screams in fury as she dies!
Your Ranged Weapons skill increases to level 5!
You have reached level 4!
You feel clever.
You start resting.
Found a scroll labelled FIUD QIZEOXT.
No target in view!
Found Xeurukyi's Jewellery Shoppe.
q - a scroll labelled FIUD QIZEOXT
Found a plate armour.
Found a robe.
A ball python comes into view.
You shoot an arrow. The arrow hits the ball python!
You kill the ball python!
There is an entrance to Xeurukyi's Jewellery Shoppe here.
Unknown command.
Terence the Incautious comes into view.
He is wielding a +0 flail and wearing a +3 ring mail of willpower.
Terence shouts!
Terence screams, "I'm going to kill you!"
You shoot an arrow.
The arrow hits Terence but does no damage.
Terence shouts, "ATTACK!!!"
You shoot an arrow. The arrow hits Terence.
Terence barely misses you.
You shoot an arrow.
The arrow hits Terence but does no damage.
Terence barely misses you.
You shoot an arrow.
The arrow hits Terence but does no damage.
Terence hits you with a +0 flail.
b - a +4 rapier (weapon)
Terence hits you with a +0 flail!
You hit Terence but do no damage. Terence barely misses you.
You barely miss Terence.
Your tail-slap misses Terence.
Terence closely misses you.
You barely miss Terence. You tail-slap Terence. Terence misses you.
You puncture Terence! Terence hits you with a +0 flail!
* * * LOW HITPOINT WARNING * * *
You hit Terence. Terence closely misses you. Terence hits you with a +0 flail!
* * * LOW HITPOINT WARNING * * *
You barely miss Terence. Terence hits you with a +0 flail!
You die...
Terence says, "Rest in peace."

####
.#.......#............
.. ......#............
#. .... #......###...
#####....# ...
#........+ .. . ..
#....#...# .
....##........# ....#
......@†..###.# ....#
#@....... ....#
##........ ....#
#......... ....# .#..
#.∩....... ....##.#.#
#....###.. .......#.#
##+#.........
.......#.###............
##.....#.............[..
.......#................


You could see Terence.

Vanquished Creatures
  Natasha (D:2)
  An adder (D:2)
  3 ball pythons
  4 endoplasms
  3 goblins
  6 hobgoblins
  4 jackals (D:1)
  3 kobolds (D:1)
  2 quokkas
  2 bats (D:1)
  3 frilled lizards (D:2)
  8 rats
40 creatures vanquished.

Notes
Turn   | Place    | Note
-------+----------+-------------------------------------------
     0 | D:1      | James the Draconian Hunter began the quest for the Orb.
     0 | D:1      | Reached XP level 1. HP: 17/17 MP: 1/1
   142 | D:1      | Reached skill level 4 in Ranged Weapons
   162 | D:1      | Reached XP level 2. HP: 24/24 MP: 2/2
   686 | D:2      | Reached XP level 3. HP: 29/29 MP: 3/3
   978 | D:2      | Noticed Natasha
   983 | D:2      | Killed Natasha
   984 | D:2      | Reached skill level 5 in Ranged Weapons
   984 | D:2      | Reached XP level 4. HP: 27/36 MP: 4/4
  1023 | D:2      | Found Xeurukyi's Jewellery Shoppe.
  1037 | D:2      | Noticed Terence
  1048 | D:2      | Slain by Terence

Illustrated notes

Levels and vault maps discovered:
D:1:      spicycebolla_arrival_transporter_tutorial, layout_basic, serial_bayou,
          serial_bayou_lake_a, serial_bayou_pond_a, serial_bayou_shore_b,
          serial_bayou_crossing, serial_bayou_pond_b
D:2:      layout_basic, serial_shops, shop, uniq_natasha, uniq_terence

Skill      XL: |  1  2  3 |
---------------+----------+-----
Ranged Weapons | 4 5 |  5.2
Fighting       | |  2.1
Dodging        | |  1.7
Stealth        | |  0.8

Action                     |  1- 3 |  4- 6 || total
---------------------------+-------+-------++-------
  Melee: Rapier            |       |     6 ||     6
         Tailslap          |       |     1 ||     1
   Fire: Shortbow          |    93 |     5 ||    98
 Armour: Skin              |    12 |     5 ||    17
  Dodge: Dodged            |    15 |     6 ||    21
